 Dungeon Crawl Stone Soup version 0.31-a0-1620-gcbf77bbcfc (webtiles) character file.

Game seed: 12758439303207902681

36 Flugslaktarn the Trooper (level 3, 2/33 HPs)
             Began as a Minotaur Fighter on Jan 11, 2024.
             Quit the game on level 2 of the Dungeon.
             The game lasted 00:00:30 (936 turns).

Flugslaktarn the Trooper (Minotaur Fighter)          Turns: 936, Time: 00:00:31

Health: 2/33       AC:  7    Str: 22    XL:     3   Next: 19%
Magic:  2/2        EV:  9    Int:  5    God:
Gold:   37         SH:  4    Dex:  9    Spells: 2/2 levels left

rFire   . . .        a - +0 war axe
rCold   . . .        c - +0 buckler
rNeg    . . .        b - +0 scale mail
rPois   .            (helmet restricted)
rElec   .            (no cloak)
rCorr   .            (no gloves)
SInv    .            (no boots)
Will    .....        j - amulet of the acrobat Stlth
                     (no ring)
HPRegen 0.25/turn    (no ring)
MPRegen 0.08/turn

%: acrobat
@: brilliant, lethally poisoned (2 -> -16)
A: horns 2, retaliatory headbutt
a: no special abilities


You were on level 2 of the Dungeon.
You visited 1 branch of the dungeon, and saw 2 of its levels.

You collected 37 gold pieces.

Inventory:

Hand Weapons
 a - a +0 war axe (weapon)
Armour
 b - a +0 scale mail (worn)
 c - a +0 buckler (worn)
Jewellery
 j - an amulet of the acrobat (around neck)
   (You found it on level 1 of the Dungeon)
Scrolls
 e - a scroll of enchant weapon {unknown}
 f - 2 scrolls of teleportation {unknown}
 g - a scroll of noise {unknown}
 h - a scroll of acquirement {unknown}
 i - a scroll of amnesia {unknown}
 k - a scroll of identify {unknown}
 l - a scroll of fog {unknown}
Potions
 d - a potion of might


   Skills:
 * Level 4.3 Fighting
 * Level 3.1 Axes
 + Level 3.9 Armour
 + Level 3.9 Shields


You had 2 spell levels left.
You didn't know any spells.
Your spell library contained the following spells:

 Spells                   Type           Power      Damage    Failure   Level
 Slow                     Hex            0%         N/A       86%         1
 Ensorcelled Hibernation  Hex/Ice        0%         N/A       94%         2
 Confusing Touch          Hex            0%         N/A       99%         3
 Passwall                 Erth           0%         N/A       99%         3
 Sigil of Binding         Hex            0%         N/A       99%         3
 Swiftness                Air            0%         N/A       99%         3
 Vampiric Draining        Necr           0%         2d6       99%         3


Dungeon Overview and Level Annotations

Branches:
Dungeon (2/15)

Altars:

Shops:
D:1 [

Annotations:
D:2 Robin


Innate Abilities, Weirdness & Mutations

You have a pair of horns on your head.
You reflexively headbutt those who attack you in melee.


Message History

You feel stronger. x2
You see here a ball python corpse.
m - an amethyst potion
Found a stone staircase leading up.
Found a mace.
Found a stone staircase leading up.
No target in view!
No target in view!
No target in view!
No target in view! 5 goblins and a hobgoblin come into view.
The goblin shouts!
The hobgoblin shouts!
You hear a shout! x2
A hobgoblin comes into view.
The goblin moves out of view.
You hear a shout!
The hobgoblin shouts!
There are monsters nearby!
There are monsters nearby! 2 goblins come into view.
A goblin is wielding a +0 dagger of venom.
The goblin shouts!
You hear a shout! x2
The hobgoblin hits you but does no damage.
Robin of the Strong Arm comes into view.
They are wielding a +0 club.
You slash the hobgoblin!
You kill the hobgoblin!
A goblin comes into view. It is wielding a +0 club.
You completely miss the goblin. The goblin hits you with a +0 club.
A goblin comes into view. It is wielding a +0 dagger.
You block the goblin's attack.
Robin roars a battlecry!
The goblins go into a battle-frenzy!
You slash the goblin!
You kill the goblin!
A goblin comes into view. It is wielding a +0 club.
You hit the goblin. You headbutt the goblin.
You kill the goblin!
The goblin unwields a +0 dagger.
The goblin wields a +0 sling.
The goblin shoots a sling bullet.
The sling bullet closely misses you.
You barely miss the goblin. The goblin hits you with a +0 club.
Robin throws the goblin at you! The goblin barely misses you.
You block the goblin's attack.
You slash the goblin!
You kill the goblin!
You hit the goblin. The goblin misses you. You furiously retaliate!
You headbutt the goblin!
You kill the goblin!
The goblin shoots a sling bullet.
You block the sling bullet.
Found 2 stones.
The goblin hits you but does no damage. x2
You are poisoned.
The goblin unwields a +0 sling.
The goblin wields a +0 dagger.
The goblin closely misses you.
Items here: ))) ††.
You hit the goblin.
The goblin is severely wounded.
You closely miss the goblin. x2
You feel very sick. The goblin hits you but does no damage.
Robin throws the goblin at you! The goblin hits you but does no damage.
You are more poisoned.
A dart slug comes into view.
You block the goblin's attack.
You barely miss the goblin.
The goblin is severely wounded.
You hit the hobgoblin.
You kill the hobgoblin!
You closely miss the goblin. x2
You feel very sick. The goblin barely misses you.
The goblin hits you but does no damage.
You are more poisoned.
The goblin hits you with a +0 dagger. You block the goblin's attack.
The goblin hits you but does no damage. You block the goblin's attack.
You miss the goblin.
The goblin is severely wounded.
You hit the goblin but do no damage. You miss the goblin. You hit the goblin.
You feel very sick. The goblin hits you with a +0 dagger.
The goblin hits you but does no damage. The goblin hits you with a +0 dagger.
* * * LOW HITPOINT WARNING * * *
The goblin hits you but does no damage.
You are more poisoned.
The goblin hits you but does no damage.
You are too injured to fight recklessly!
You are too injured to fight recklessly!
You are too injured to fight recklessly!
You are too injured to fight recklessly!
You are too injured to fight recklessly!
You are too injured to fight recklessly!
You are too injured to fight recklessly!
You are too injured to fight recklessly!
You are too injured to fight recklessly!
You are too injured to fight recklessly!
You are too injured to fight recklessly!
You are too injured to fight recklessly!
Unknown command.
It was a potion of brilliance.
You feel clever all of a sudden.
* * * LOW HITPOINT WARNING * * *
You feel very sick. The goblin hits you but does no damage.
You block the goblin's attack.
The goblin hits you but does no damage. x2
Are you sure you want to abandon this character and quit the game? (Confirm with "yes".) #............. #............. #............. #.....w....... #..........(.. .< ....gg..... #.. #gggg.#

...## #@# . #...# ###g# .#
......... #...##<).##.#
..........
#.#....#.#..###..........
###......#.................
#...###........##..........
#..........................
......#........##.........†
)####......................


You could see Robin, a dart slug and 6 goblins.

Vanquished Creatures
  A dart slug (D:1)
  2 bats (D:1)
  2 endoplasms (D:1)
  4 giant cockroaches
  5 goblins
  3 hobgoblins
  A kobold (D:1)
  5 quokkas
  3 ball pythons
  A frilled lizard (D:1)
27 creatures vanquished.

Notes
Turn   | Place    | Note
-------+----------+-------------------------------------------
     0 | D:1      | Flugslaktarn the Minotaur Fighter began the quest for the
                  | Orb.
     0 | D:1      | Reached XP level 1. HP: 19/19 MP: 0/0
    64 | D:1      | Found Xuatawim's Antique Armour Emporium.
   132 | D:1      | Reached XP level 2. HP: 27/27 MP: 1/1
   181 | D:1      | Reached skill level 4 in Fighting
   899 | D:2      | Reached XP level 3. HP: 33/33 MP: 2/2
   924 | D:2      | Noticed Robin
   936 | D:2      | Quit the game

Illustrated notes

Levels and vault maps discovered:
D:1:      roderic_chinese_lattice_arrival, layout_basic, serial_shops, shop
D:2:      layout_rooms, minmay_unequal, uniq_robin

Skill      XL: |  1  2 |
---------------+-------+-----
Fighting       | 4 |  4.3
Axes           | 3 |  3.1
Armour         | |  3.9
Shields        | |  3.9

Action                     || total
---------------------------++-------
  Melee: War axe           ||    41
         Headbutt          ||     7
    Use: Potion            ||     1
 Armour: Scale mail        ||    35
  Dodge: Dodged            ||    22
  Block: Buckler           ||    13

Table legend: (Time is in decaauts)
 A = Elapsed time spent in this place.
 B = Non-inter-level travel time spent in this place.
 C = Inter-level travel time spent in this place.
 D = Time resting spent in this place.
 E = Time spent auto-exploring this place.
 F = Levels seen in this place.
 G = Mean time per level.
                   A        B        C        D        E       F      G
               +--------+--------+--------+--------+--------+-----+--------+
         Total |    951 |    932 |     19 |      0 |    783 |   2 |  475.5 |
       Dungeon |    951 |    932 |     19 |      0 |    783 |   2 |  475.5 |
               +--------+--------+--------+--------+--------+-----+--------+

Top non-repeatable levels by time:
     D:1: 808 daAuts
     D:2: 142 daAuts
